 Dungeon Sprint DCSS version 0.28.0-47-ge53b351184 (webtiles) character file.

Game seed: 12282387168207945339

261 Groucho the Covert (level 5, -4/16 (24) HPs)
             Began as a Spriggan Enchanter on Apr 30, 2022.
             Slain by a necrophage (6 damage)
             ... in the Dungeon (Sprint II: "The Violet Keep of Menkaure").
             The game lasted 00:00:42 (58 turns).

Groucho the Covert (Spriggan Enchanter)               Turns: 58, Time: 00:00:42

HP:   -4/16 (24)    AC:  2    Str:  6    XL:     5   Next: 96%
MP:   12/15         EV: 19    Int: 16    God:
Gold: 0             SH:  0    Dex: 16    Spells: 18/18 levels left

rFire   . . .      SeeInvis +   a - +1 dagger
rCold   . . .      Faith    .   (no shield)
rNeg    . . .      Spirit   .   b - +0 robe
rPois   .          Reflect  .   (helmet restricted)
rElec   .          Harm     .   (no cloak)
rCorr   .          Rampage  .   (gloves unavailable)
Will    .....      NoTele   +   (boots unavailable)
Stlth   +++++.....              (no amulet)
HPRegen 0.05/turn               (no ring)
MPRegen 0.14/turn               (no ring)

@: on berserk cooldown, very heavily drained, very quick
A: very small, no large weapons, unfitting armour, see invisible, speed 3
a: no special abilities


You were in the Dungeon.
You visited 1 branch

Inventory:

Hand Weapons
 a - a +1 dagger (weapon)
Armour
 b - a +0 robe (worn)
Scrolls
 i - a scroll of blinking
Potions
 c - a potion of invisibility
 d - a potion of curing
 f - a potion of haste
 g - 2 potions of magic


   Skills:
 + Level 0.0 Fighting
 + Level 3.8 Short Blades
 + Level 5.4 Dodging
 + Level 13.0 Stealth
 + Level 7.1 Spellcasting
 + Level 7.7 Hexes


You had 18 spell levels left.
You didn't know any spells.
Your spell library contained the following spells:

 Spells                   Type           Power      Damage    Failure   Level
 Confusing Touch          Hex            30%        N/A       1%          3
 Tukima's Dance           Hex            30%        N/A       1%          3
 Ensorcelled Hibernation  Hex/Ice        36%        N/A       3%          2
 Dazzling Flash           Conj/Hex       36%        N/A       8%          3


Dungeon Overview and Level Annotations

Branches:
Dungeon (1/1)

Altars:


Innate Abilities, Weirdness & Mutations

You are very small and have problems with some larger weapons.
You are too small for most types of armour.
You have supernaturally acute eyesight. (SInv)
You cover ground extremely quickly. (Speed+++)


Message History

The necrophage is severely damaged.
The necrophage closely misses you.
You barely miss the necrophage.
The necrophage is severely damaged.
The necrophage hits you but does no damage.
The necrophage misses you.
You closely miss the necrophage.
The necrophage is severely damaged.
The necrophage completely misses you.
You hit the necrophage.
The necrophage is severely damaged.
The necrophage closely misses you.
You closely miss the necrophage.
The necrophage is severely damaged.
You feel yourself speed up. The necrophage hits you.
You feel drained.
You closely miss the necrophage.
The necrophage is severely damaged.
The necrophage closely misses you.
You hit the necrophage.
The necrophage is severely damaged.
The necrophage hits you.
* * * LOW HITPOINT WARNING * * *
You hit the necrophage.
The necrophage is almost destroyed.
The necrophage misses you.
You hit the necrophage but do no damage.
Your punch misses the necrophage.
The necrophage is almost destroyed.
You barely miss the necrophage.
The necrophage is almost destroyed.
The necrophage hits you.
* * * LOW HITPOINT WARNING * * *
You hit the necrophage.
The necrophage is almost destroyed.
The necrophage completely misses you.
You hit the necrophage.
The necrophage is almost destroyed.
The necrophage hits you.
You die...

## ##.#
#+#
#...##.##
#n@<.+
#...##.##
##.# #+#
##


You could see a necrophage.

Vanquished Creatures
  3 necrophages (D)
3 creatures vanquished.

Vanquished Creatures (others)
  A water moccasin (D)
1 creature vanquished.

Grand Total: 4 creatures vanquished

Notes
Turn   | Place    | Note
-------+----------+-------------------------------------------
     0 | D        | Groucho the Spriggan Enchanter began the quest for the Orb.
     0 | D        | Reached XP level 1. HP: 9/9 MP: 5/5
     1 | D        | Noticed a necrophage
     1 | D        | Noticed a necrophage
     1 | D        | Noticed a necrophage
     1 | D        | Noticed a necrophage
    11 | D        | Killed a necrophage
    12 | D        | Reached skill level 10 in Stealth
    12 | D        | Reached skill level 5 in Spellcasting
    12 | D        | Reached XP level 2. HP: 7/13 MP: 5/9
    12 | D        | Reached XP level 3. HP: 9/16 MP: 6/11
    12 | D        | Reached XP level 4. HP: 12/21 MP: 6/12
    16 | D        | Killed a necrophage
    17 | D        | Reached skill level 12 in Stealth
    17 | D        | Reached XP level 5. HP: 9/24 MP: 6/15
    21 | D        | Killed a necrophage
    22 | D        | Reached skill level 5 in Dodging
    22 | D        | Reached skill level 13 in Stealth
    35 | D        | Killed a water moccasin
    58 | D        | Slain by a necrophage

Illustrated notes

Levels and vault maps discovered:
D:        the_violet_keep_of_menkaure [sprint2_stairs_cluster_1,
          sprint2_shoproom, sprint2_temple, sprint2_basic_supplies,
          sprint2_obstacle_2, sprint2_obstacle_3, sprint2_obstacle_4,
          sprint2_obstacle_5, sprint2_obstacle_7, sprint2_timed_cluster_1,
          sprint2_smallroom_cluster_1, sprint2_smallroom_final_cluster_1,
          sprint2_transparent_cluster_1, sprint2_second_timed_cluster_1,
          sprint2_sniper_area_1, sprint2_heavy_combat_area_1,
          sprint2_mutation_trap_area_1, sprint2_forest_area_1,
          sprint2_light_combat_area_1, sprint2_behind_water_1,
          sprint2_near_end_vault_1]

Skill      XL: |  1  2  3  4  5 |
---------------+----------------+-----
Stealth        | 10 12 13 | 13.0
Spellcasting   | 5 6 7 |  7.1
Hexes          | 6 7 |  7.7
Short Blades   | 3 |  3.8
Dodging        | 4 5 |  5.4

Action                   |  1- 3 |  4- 6 || total
-------------------------+-------+-------++-------
Melee: Dagger            |     8 |    44 ||    52
  Use: Potion            |     1 |     1 ||     2
Armor: Robe              |       |     3 ||     3
Dodge: Dodged            |     2 |    32 ||    34
